 Dungeon Crawl Stone Soup version 0.19.0 (webtiles) character file.

96584 Ryco the Severer (level 15, -9/139 HPs)
             Began as a Minotaur Fighter on Nov 10, 2016.
             Was the Champion of Okawaru.
             Mangled by a salamander
             ... wielding a +0 trident
              (13 damage)
             ... on level 2 of the Snake Pit on Nov 11, 2016.
             The game lasted 01:37:46 (9945 turns).

Ryco the Severer (Minotaur Fighter)                 Turns: 9945, Time: 01:37:47

Health: -9/139     AC: 32    Str: 33    XL:     15   Next: 32%
Magic:  13/18      EV: 16    Int:  5    God:    Okawaru [******]
Gold:   809        SH:  0    Dex: 10    Spells: 2 memorised, 8 levels left

rFire  . . .     SeeInvis .     a - +2 battleaxe (chop)
rCold  + . .     Gourm    .     q - +8 chain mail {rPois}
rNeg   . . .     Faith    .     (shield currently unavailable)
rPois  +         Spirit   .     (helmet restricted)
rElec  +         Reflect  .     m - +1 cloak "Orusabea" {MR+ Slay+6}
rCorr  .         Harm     .     U - +0 pair of gloves
MR     +++..                    d - +2 pair of boots {Stlth+}
Stlth  +.........               z - amulet of regeneration
                                F - ring of Uquegett {rElec rC+ MR+ Str+3 Dex-2}
                                u - +5 ring of strength

@: heroism, finesse
A: retaliatory headbutt, horns 2
a: Heroism, Finesse, Renounce Religion
}: 1/15 runes: decaying


You were on level 2 of the Snake Pit.
You worshipped Okawaru.
Okawaru was exalted by your worship.
You were not hungry.

You visited 6 branches of the dungeon, and saw 26 of its levels.
You also visited: Labyrinth and Bailey.

You collected 2334 gold pieces.
You spent 1525 gold pieces at shops.

Inventory:

Hand Weapons
 a - a +2 battleaxe of chopping (weapon)
 b - a +2 broad axe of venom
 Q - a +2 battleaxe of flaming
Missiles
 C - 12 throwing nets (quivered)
 I - 7 javelins
Armour
 d - a +2 pair of boots of stealth (worn)
 m - the +1 cloak "Orusabea" (worn) {MR+ Slay+6}
   (Okawaru gifted it to you on level 2 of the Orcish Mines)

   It affects your accuracy and damage with ranged weapons and melee attacks
   (+6).
   It affects your resistance to hostile enchantments.
 p - a +4 plate armour of fire resistance
 q - a +8 chain mail of poison resistance (worn)
 B - a +0 large shield of protection
 U - a +0 pair of gloves (worn)
Jewellery
 s - an uncursed ring of ice
 u - a +5 ring of strength (left hand)
 y - an uncursed ring of fire
 z - an amulet of regeneration (around neck)
 E - an uncursed ring of see invisible
 F - the ring of Uquegett (right hand) {rElec rC+ MR+ Str+3 Dex-2}
   (You bought it in a shop on level 1 of the Orcish Mines)

   [ring of dexterity]

   It affects your strength (+3).
   It affects your dexterity (-2).
   It protects you from cold.
   It insulates you from electricity.
   It affects your resistance to hostile enchantments.
 N - an uncursed ring of wizardry
Wands
 v - a wand of disintegration (22/24)
 J - a wand of iceblast (2/15)
 M - a wand of disintegration (13/24)
 X - a wand of confusion (25/48)
Scrolls
 e - 4 scrolls of teleportation
 h - a scroll of immolation
 j - 3 scrolls of remove curse
 k - 4 scrolls of fog
 n - 3 scrolls of blinking
 w - 5 scrolls of recharging
 H - a scroll of silence {unknown}
 O - a scroll of random uselessness {unknown}
 S - a scroll of fear
 V - 2 scrolls of amnesia
Potions
 c - a potion of invisibility
 i - 5 potions of haste
 l - 3 potions of ambrosia
 o - 4 potions of curing
 r - 4 potions of cancellation
 t - 2 potions of heal wounds
 A - 3 potions of lignification
 D - 7 potions of flight
 G - 2 potions of brilliance
 K - 2 potions of agility
 L - a potion of resistance
 W - a potion of cure mutation
Miscellaneous
 Z - a sack of spiders
Comestibles
 f - 9 bread rations
 g - 23 fruits
 x - 7 meat rations
 P - a beef jerky


   Skills:
 + Level 14.5(19.5) Fighting
 - Level 19.5(24.5) Axes
 + Level 0.6(5.6) Throwing
 * Level 15.5(20.5) Armour
 * Level 8.8(13.8) Dodging
 - Level 8.2(13.2) Shields
 - Level 5.6 Invocations
 + Level 1.1 Evocations


You had 8 spell levels left.
You knew the following spells:

 Your Spells              Type           Power        Failure   Level  Hunger
a - Passage of Golubria   Tloc           N/A          100%        4    #####..
b - Swiftness             Chrm/Air       #.......     99%         2    ###....


Dungeon Overview and Level Annotations

Branches:
Dungeon (12/15)            Temple (1/1) D:6            Lair (4/6) D:10
  Swamp (4/4) Lair:2        Snake (3/4) Lair:4          Orc (2/2) D:9
    Elf (0/3) Orc:2

Altars:
Elyvilon
Fedhas
Gozag
Hepliaklqana
Okawaru
Ru
Sif Muna
Trog
Vehumet
Xom

Shops:
D:8 %   D:9 *   D:11 %   Orc:1 %=}%   Orc:2 ?=[[

Annotations:
Snake:3 Saint Roka


Innate Abilities, Weirdness & Mutations

You reflexively headbutt those who attack you in melee.
You have a pair of horns on your head.


Message History

You kill the orc warrior!
Okawaru accepts your kill.
You slice the salamander!!
The salamander mystic hits you but does no damage.
The salamander hits you but does no damage.
You slice the salamander!! You headbutt the salamander.
You kill the salamander!
Okawaru accepts your kill.
You slash the salamander mystic!
Unknown command.
You slash the salamander mystic!
You kill the salamander mystic!
Okawaru accepts your kill.
Unknown command.
The salamander hits you with a trident!
* * * LOW HITPOINT WARNING * * *
You are engulfed in flames!
* * * LOW HITPOINT WARNING * * *
The salamander hits you with a trident!
You die...

#..
###.#
...#
...####
.....#
#....#
#....#
##>..##
#..@N.#
#.)...#
#.....#
#....##
....##
#.....
#.....
###....


You could see a salamander.

Vanquished Creatures
  the Lernaean hydra (Swamp:4)
  Jorgrun (Swamp:3)
  Gastronok (Lair:3)
  2 thorn hunters
  Donald (Swamp:3)
  Aizul (Swamp:4)
  A minotaur (Lab)
  2 naga warriors
  Erolcha (Orc:2)
  A catoblepas (Lair:4)
  19 hydras
  2 ghost crabs (Swamp:2)
  4 ogre magi (Orc:2)
  3 alligators (Swamp:3)
  A naga sharpshooter (Snake:2)
  A spriggan (Swamp:4)
  A salamander mystic (Snake:2)
  5 spriggan druids (Swamp:3)
  9 swamp dragons
  2 shambling mangroves
  2 hill giants
  2 orc knights (Orc:2)
  2 orc sorcerers
  A mana viper (Snake:2)
  3 ugly things
  A salamander (Snake:2)
  Maurice (D:10)
  4 black mambas
  A centaur zombie (D:10)
  Psyche (D:9)
  11 spiny frogs
  2 komodo dragons
  A troll (Orc:1)
  A polar bear (Lair:3)
  3 tyrant leeches
  7 hornets
  3 slime creatures (Swamp:1)
  Grinder (D:4)
  8 bog bodies
  12 two-headed ogres (Orc:2)
  4 hippogriffs
  4 yaks
  A fire elemental (Lair:4)
  Grum (Lair:1)
  2 basilisks
  A hungry ghost (D:8)
  8 vampire mosquitoes
  3 wargs
  8 nagas
  18 insubstantial wisps
  18 swamp worms
  Duvessa (D:7)
  A water moccasin (Lair:3)
  21 orc warriors
  2 porcupines
  11 swamp drakes
  3 sky beasts
  3 ice beasts (D:10)
  25 ogres
  An eye of draining (D:11)
  2 phantoms
  11 wolves
  5 centaurs
  2 crocodiles
  Blork the orc (D:4)
  3 big kobolds
  6 bullfrogs
  A wyvern zombie (D:10)
  8 gnoll sergeants (Bailey)
  2 scorpions
  4 wights (D:6)
  2 howler monkeys
  The ghost of deskach the Skirmisher, a weakling VSFi (D:3)
  3 crimson imps
  20 orc priests
  8 hounds
  3 bullfrog skeletons
  3 centaur skeletons
  3 quasits
  2 jellies (D:10)
  8 gnoll shamans
  3 iguanas
  29 orc wizards
  10 worker ants
  A hound zombie (D:8)
  A hound skeleton (D:4)
  A worker ant zombie (D:3)
  26 gnolls
  10 adders
  3 shadow imps
  An ooze (D:4)
  2 adder zombies
  An adder skeleton (D:9)
  10 worms
  7 leopard geckos
  71 orcs
  4 bats
  14 giant cockroaches (D:2)
  7 goblins
  7 hobgoblins
  22 kobolds
  A ball python (D:1)
  3 frilled lizards
  A jackal zombie (D:5)
  14 rats
  A fungus (Lair:2)
  4 plants (Lair:3)
614 creatures vanquished.

Vanquished Creatures (others)
  An insubstantial wisp (Swamp:2)
1 creature vanquished.

Grand Total: 615 creatures vanquished

Notes
Turn   | Place    | Note
-------+----------+-------------------------------------------
     0 | D:1      | Ryco the Minotaur Fighter began the quest for the Orb.
     0 | D:1      | Reached XP level 1. HP: 19/19 MP: 0/0
   347 | D:1      | Reached XP level 2. HP: 27/27 MP: 1/1
   454 | D:1      | Reached skill level 3 in Axes
   469 | D:1      | Reached XP level 3. HP: 20/33 MP: 2/2
   746 | D:2      | Reached skill level 4 in Axes
   761 | D:2      | Reached XP level 4. HP: 40/40 MP: 3/3
   915 | D:3      | Noticed deskach's ghost (weakling VSFi)
   938 | D:3      | Killed deskach's ghost
   938 | D:3      | Reached skill level 5 in Axes
   938 | D:3      | Reached XP level 5. HP: 18/46 MP: 4/4
  1192 | D:3      | Found a white marble altar of Elyvilon.
  1370 | D:4      | Noticed Grinder
  1378 | D:4      | Killed Grinder
  1378 | D:4      | Reached skill level 6 in Axes
  1378 | D:4      | Reached XP level 6. HP: 53/53 MP: 5/5
  1385 | D:4      | Reached skill level 7 in Axes
  1630 | D:4      | Reached XP level 7. HP: 59/60 MP: 6/6
  1646 | D:4      | Reached skill level 5 in Shields
  1683 | D:4      | Reached skill level 8 in Axes
  1758 | D:4      | Noticed Blork the orc
  1765 | D:4      | Killed Blork the orc
  1803 | D:5      | Entered Level 5 of the Dungeon
  1844 | D:5      | Reached skill level 5 in Fighting
  2120 | D:5      | Reached skill level 9 in Axes
  2150 | D:6      | Found a white marble altar of Elyvilon.
  2230 | D:6      | Reached skill level 5 in Armour
  2230 | D:6      | Reached XP level 8. HP: 43/68 MP: 7/7
  2420 | D:6      | Reached skill level 10 in Axes
  2780 | D:6      | Found a staircase to the Ecumenical Temple.
  2787 | Temple   | Entered the Ecumenical Temple
  2810 | Temple   | Became a worshipper of Warmaster Okawaru
  2840 | D:7      | Found a blossoming altar of Fedhas.
  2916 | D:7      | Found a hazy altar of Hepliaklqana.
  2954 | D:7      | Noticed a hippogriff
  2962 | D:7      | Reached skill level 11 in Axes
  2968 | D:7      | Killed a hippogriff
  2968 | D:7      | Reached XP level 9. HP: 57/75 MP: 8/8
  2999 | D:7      | Noticed Duvessa
  3022 | D:7      | Killed Duvessa
  3022 | D:7      | Reached * piety under Okawaru
  3329 | D:8      | Reached skill level 12 in Axes
  3362 | D:8      | Found a bloodstained altar of Trog.
  3471 | D:8      | Found a blossoming altar of Fedhas.
  3741 | D:8      | Reached ** piety under Okawaru
  3828 | D:8      | Found Abaufob's Food Shop.
  3844 | D:9      | Reached skill level 13 in Axes
  3917 | D:9      | Found a flagged portal.
  3929 | Bailey   | Entered a bailey
  3976 | Bailey   | Reached skill level 1 in Invocations
  4187 | Bailey   | Reached XP level 10. HP: 74/84 MP: 9/9
  4555 | D:9      | Found Edixuen's General Store.
  4564 | D:9      | Bought a scroll of blinking for 75 gold pieces
  4564 | D:9      | Bought a scroll of recharging for 95 gold pieces
  4593 | D:10     | Entered Level 10 of the Dungeon
  4593 | D:10     | Found a staircase to the Lair.
  4593 | D:10     | Noticed a hill giant
  4608 | D:10     | Killed a hill giant
  4608 | D:10     | Reached *** piety under Okawaru
  4608 | D:10     | Reached skill level 14 in Axes
  4795 | D:9      | Noticed Psyche
  5150 | D:11     | Reached **** piety under Okawaru
  5151 | D:11     | Found Apuen's Food Shoppe.
  5433 | D:10     | Noticed Maurice
  5453 | D:10     | Killed Maurice
  5546 | D:11     | Reached XP level 11. HP: 76/94 MP: 12/12
  5709 | D:11     | Reached skill level 15 in Axes
  5711 | D:11     | Reached ***** piety under Okawaru
  5734 | D:11     | Noticed a hill giant
  5743 | D:11     | Killed a hill giant
  5893 | D:9      | Found a staircase to the Orcish Mines.
  5919 | Orc:1    | Entered Level 1 of the Orcish Mines
  6142 | Orc:2    | Entered Level 2 of the Orcish Mines
  6147 | Orc:2    | Noticed an ogre mage
  6157 | Orc:2    | Noticed an ogre mage
  6157 | Orc:2    | Noticed an ogre mage
  6160 | Orc:2    | Noticed an ogre mage
  6162 | Orc:2    | Received a gift from Okawaru
  6174 | Orc:2    | Killed an ogre mage
  6177 | Orc:2    | Killed an ogre mage
  6177 | Orc:2    | Reached skill level 16 in Axes
  6193 | Orc:2    | Killed an ogre mage
  6200 | Orc:2    | Killed an ogre mage
  6234 | Orc:2    | Found Wekhlol's Armour Boutique.
  6234 | Orc:2    | Found Gagean's Magic Scroll Shoppe.
  6235 | Orc:2    | Found Fuyh Lavye's Armour Emporium.
  6235 | Orc:2    | Found Wouges's Jewellery Boutique.
  6249 | Orc:2    | Reached ****** piety under Okawaru
  6249 | Orc:2    | Reached skill level 5 in Invocations
  6249 | Orc:2    | Reached XP level 12. HP: 42/105 MP: 11/14
  6340 | Orc:2    | Found a radiant altar of Vehumet.
  6864 | Orc:1    | Reached skill level 10 in Armour
  6881 | Orc:1    | Reached skill level 10 in Fighting
  6920 | Orc:1    | Found Hamyvyzo's Food Boutique.
  6921 | Orc:1    | Found Qougu's Gadget Emporium.
  6928 | Orc:1    | Found Foteid's Food Boutique.
  6939 | Orc:1    | Reached skill level 17 in Axes
  6944 | Orc:1    | Found Nuas's Jewellery Boutique.
  7024 | Orc:2    | Found a staircase to the Elven Halls.
  7026 | Orc:2    | Noticed Erolcha
  7036 | Orc:2    | Received a gift from Okawaru
  7036 | Orc:2    | Reached skill level 1 in Evocations
  7037 | Orc:2    | Killed Erolcha
  7077 | Orc:2    | Got an encrusted cloak {god gift}
  7088 | Orc:2    | Identified the +1 cloak "Orusabea" {MR+ Slay+6} (Okawaru gifted it to you on level 2 of the Orcish Mines)
  7235 | Orc:2    | Bought a +2 chain mail of poison resistance for 277 gold pieces
  7237 | Orc:2    | Bought an uncursed amulet of regeneration for 330 gold pieces
  7303 | Orc:1    | Bought the cursed ring of Uquegett {rElec rC+ MR+ Str+3 Dex-2} for 382 gold pieces
  7330 | Orc:2    | Bought a scroll of remove curse for 36 gold pieces
  7330 | Orc:2    | Bought a scroll of remove curse for 36 gold pieces
  7330 | Orc:2    | Bought a scroll of enchant armour for 90 gold pieces
  7330 | Orc:2    | Bought a scroll of fog for 24 gold pieces
  7330 | Orc:2    | Bought a scroll of enchant weapon for 90 gold pieces
  7330 | Orc:2    | Bought a scroll of enchant weapon for 90 gold pieces
  7375 | D:9      | Killed Psyche
  7375 | D:9      | Reached skill level 1 in Dodging
  7407 | Lair:1   | Entered Level 1 of the Lair of Beasts
  7407 | Lair:1   | Noticed Grum
  7414 | Lair:1   | Killed Grum
  7542 | Lair:2   | Found a labyrinth entrance.
  7551 | Lab      | Entered a labyrinth
  7816 | Lab      | Noticed a minotaur
  7829 | Lab      | Killed a minotaur
  7860 | Lab      | Learned a level 4 spell: Passage of Golubria
  7863 | Lab      | Learned a level 2 spell: Swiftness
  7904 | Lair:2   | Got a dazzling triple crossbow
  7910 | Lair:2   | Identified the +3 triple crossbow "Mesah" {elec, rElec Int+4} (You found it on level 2 of the Lair of Beasts)
  7995 | Lair:2   | Found a staircase to the Swamp.
  8031 | Swamp:1  | Entered Level 1 of the Swamp
  8105 | Swamp:2  | Noticed a thorn hunter
  8113 | Swamp:2  | Killed a thorn hunter
  8116 | Swamp:2  | Reached XP level 13. HP: 100/116 MP: 8/16
  8153 | Swamp:3  | Noticed Donald
  8174 | Swamp:3  | Killed Donald
  8174 | Swamp:3  | Received a gift from Okawaru
  8259 | Swamp:3  | Found a bloodstained altar of Trog.
  8260 | Swamp:3  | Noticed Jorgrun
  8277 | Swamp:3  | Killed Jorgrun
  8317 | Swamp:3  | Received a gift from Okawaru
  8401 | Swamp:3  | Reached skill level 5 in Dodging
  8436 | Swamp:3  | Reached skill level 18 in Axes
  8453 | Swamp:4  | Entered Level 4 of the Swamp
  8519 | Swamp:4  | Noticed Aizul
  8533 | Swamp:4  | Killed Aizul
  8533 | Swamp:4  | Received a gift from Okawaru
  8590 | Swamp:4  | Noticed the 27-headed Lernaean hydra
  8705 | Swamp:3  | Noticed a thorn hunter
  8717 | Swamp:3  | Killed a thorn hunter
  8731 | Swamp:3  | Reached XP level 14. HP: 91/127 MP: 17/17
  8975 | Swamp:4  | Killed the 23-headed Lernaean hydra
  8975 | Swamp:4  | Reached skill level 19 in Axes
  8985 | Swamp:4  | Received a gift from Okawaru
  8996 | Swamp:4  | Got a pair of polished gloves {god gift}
  9007 | Swamp:4  | Identified the -2 pair of gloves "Ciabb" {rN+ Int+2 Dex+3} (Okawaru gifted it to you on level 4 of the Swamp)
  9160 | Swamp:4  | Got a decaying rune of Zot
  9554 | Lair:3   | Reached XP level 15. HP: 83/137 MP: 18/18
  9585 | Lair:3   | Received a gift from Okawaru
  9597 | Lair:3   | Reached skill level 15 in Armour
  9611 | Lair:3   | Noticed Gastronok
  9619 | Lair:3   | Killed Gastronok
  9800 | Lair:4   | Found a staircase to the Snake Pit.
  9847 | Snake:1  | Entered Level 1 of the Snake Pit
  9919 | Snake:3  | Noticed Saint Roka
  9945 | Snake:2  | HP: 4/139 [salamander/trident (13)]
  9945 | Snake:2  | Mangled by a salamander

Skill      XL: |  1  2  3  4  5  6  7  8  9 10 11 12 13 14 15 |
---------------+----------------------------------------------+-----
Shields        | 4 5 6 7 8 |  8.2
Axes           | 3 4 5 6 7 9 11 13 14 16 17 18 19 | 19.5
Armour         | 4 5 7 9 11 13 14 15 | 15.5
Fighting       | 4 5 6 7 9 11 12 13 14 | 14.5
Invocations    | 1 3 5 |  5.6
Evocations     | 1 |  1.1
Dodging        | 3 6 8 |  8.8
Throwing       | |  0.6

Action                   |  1- 3 |  4- 6 |  7- 9 | 10-12 | 13-15 || total
-------------------------+-------+-------+-------+-------+-------++-------
Melee: War axe           |    65 |   135 |   379 |   461 |       ||  1040
       Headbutt          |    11 |    20 |    97 |   139 |    99 ||   366
       Battleaxe         |       |       |       |    21 |   393 ||   414
Throw: Throwing net      |       |       |       |     3 |       ||     3
Invok: Heroism           |       |       |     1 |    14 |     6 ||    21
       Finesse           |       |       |       |     4 |     6 ||    10
Evoke: Wand              |       |       |       |     2 |     2 ||     4
  Use: Scroll            |       |     7 |    12 |    14 |     6 ||    39
       Potion            |       |     2 |       |     1 |     8 ||    11
  Eat: Chunk             |       |     1 |     4 |     1 |     1 ||     7
       Pizza             |       |     1 |     1 |       |     1 ||     3
       Meat ration       |       |       |     2 |     2 |     1 ||     5
       Beef jerky        |       |       |       |       |     1 ||     1
Armor: Scale mail        |    31 |    22 |       |       |       ||    53
       Ring mail         |       |    11 |       |       |       ||    11
       Plate armour      |       |     2 |   216 |   149 |       ||   367
       Chain mail        |       |       |       |    22 |   303 ||   325
Dodge: Dodged            |    21 |    38 |    83 |    93 |   290 ||   525
Block: Shield            |    32 |    75 |   190 |   235 |       ||   532
